 Dungeon Crawl Stone Soup version 0.21.1-1-g345015fe64 (webtiles) character file.

57 Ivernyr the Shooter (level 3, -1/29 HPs)
             Began as a Centaur Arcane Marksman on Mar 25, 2018.
             Slain by an adder (3 damage)
             ... on level 2 of the Dungeon.
             The game lasted 00:08:48 (2798 turns).

Ivernyr the Shooter (Centaur Arcane Marksman)       Turns: 2798, Time: 00:08:48

Health: -1/29      AC:  4    Str: 11 (12) XL:     3   Next: 73%
Magic:  1/4        EV:  9    Int: 12      God:
Gold:   57         SH:  0    Dex:  8 (10) Spells: 3/4 levels left

rFire    . . .     SeeInvis .   (no weapon)
rCold    . . .     Gourm    .   (no shield)
rNeg     . . .     Faith    .   e - +0 robe
rPois    .         Spirit   .   (no helmet)
rElec    .         Reflect  .   (no cloak)
rCorr    .         Harm     .   (no gloves)
MR       .....                  (no barding)
Stlth    +.........             (no amulet)
HPRegen  0.09/turn              (no ring)
MPRegen  0.09/turn              (no ring)

@: lethally poisoned (-1 -> -12), very quick
A: large, hooves 3, deformed body, speed 2, tough skin 3
a: no special abilities


You were on level 2 of the Dungeon.
You were not hungry.

You visited 1 branch of the dungeon, and saw 2 of its levels.

You collected 57 gold pieces.

Inventory:

Hand Weapons
 a - a +0 shortbow
Missiles
 d - 20 arrows
Armour
 e - a +0 robe (worn)
Scrolls
 b - a scroll of enchant weapon {unknown}
 g - a scroll of magic mapping {unknown}
 h - a scroll of teleportation {unknown}
 j - 2 scrolls of identify {unknown}
 k - a scroll of blinking {unknown}
 m - a scroll of remove curse {unknown}
Potions
 i - a potion of curing {unknown}
Books
 c - a book of Debilitation

   Spells                             Type                      Level
   a - Corona                         Hexes                        1
   b - Slow                           Hexes                        2
   c - Inner Flame                    Hexes/Fire                   3
   d - Portal Projectile              Hexes/Translocation          3
   e - Cause Fear                     Hexes                        4
   f - Leda's Liquefaction            Hexes/Earth                  4
Comestibles
 f - 3 rations
 l - 2 chunks of flesh


   Skills:
 + Level 2.0 Fighting
 * Level 4.3 Bows
 - Level 1.3 Dodging
 - Level 1.0 Spellcasting
 + Level 3.1 Hexes


You had 3 spell levels left.
You knew the following spells:

 Your Spells              Type           Power        Failure   Level  Hunger
a - Corona                Hex            #......      9%          1    ##.....


Dungeon Overview and Level Annotations

Branches:
Dungeon (2/15)

Altars:
Ashenzari


Innate Abilities, Weirdness & Mutations

You have hooves in place of feet.
Armour fits poorly on your strangely shaped body.
You cover ground very quickly.
You have extremely tough skin. (AC +3)


Message History

* * * LOW HITPOINT WARNING * * *
You feel sick. The adder barely misses you.
You hit the adder.
The adder is severely wounded.
* * * LOW HITPOINT WARNING * * *
You feel sick. The adder bites you.
* * * LOW HITPOINT WARNING * * *
You completely miss the adder.
The adder is severely wounded.
* * * LOW HITPOINT WARNING * * *
You feel sick. The adder closely misses you. The adder barely misses you.
You barely miss the adder.
The adder is severely wounded.
* * * LOW HITPOINT WARNING * * *
You feel sick. The adder barely misses you.
You hit the adder.
The adder is almost dead.
* * * LOW HITPOINT WARNING * * *
You feel sick. The adder bites you.
You die...

.###'##########+.####.###
.# ##.≈≈≈≈≈≈≈≈.#.......$.
.# #≈........≈#...h..h..
.# #≈.######.≈#...h.....
.# #≈.# #.≈#.>....... .#
#≈.# #.≈#.######## .#
#≈.# #.≈#÷# .# #≈.#
#.≈#S# .# #≈.######.≈#@#
†# #≈........≈#.# .#
##.≈≈≈≈≈≈≈≈.#.#
.###'##########'.# .##..#
#### †##.## .#..# ...##
####


You could see an adder.

Vanquished Creatures
  2 adders (D:2)
  A worm (D:2)
  3 dart slugs
  A leopard gecko (D:1)
  A hobgoblin (D:2)
  5 jackals (D:2)
  A quokka (D:2)
  7 bats
  2 frilled lizards
  3 goblins
  3 kobolds
  2 rats
31 creatures vanquished.

Notes
Turn   | Place    | Note
-------+----------+-------------------------------------------
     0 | D:1      | Ivernyr the Centaur Arcane Marksman began the quest for the Orb.
     0 | D:1      | Reached XP level 1. HP: 16/16 MP: 2/2
   342 | D:1      | Reached skill level 3 in Bows
   593 | D:1      | Reached XP level 2. HP: 21/23 MP: 3/3
  1284 | D:2      | HP: 1/34 [poisoned by an adder]
  1289 | D:2      | HP: 1/34 [poisoned by an adder]
  1659 | D:2      | Reached XP level 3. HP: 28/28 MP: 4/4
  1839 | D:2      | Found a shattered altar of Ashenzari.
  1843 | D:2      | Saw a vision of the Shoals and the Snake Pit.
  1843 | D:2      | Noticed an anaconda
  1843 | D:2      | Noticed a mana viper
  1843 | D:2      | Noticed a black mamba
  1843 | D:2      | Noticed a hippogriff
  1843 | D:2      | Noticed a centaur
  1843 | D:2      | Noticed a centaur
  1844 | D:2      | Noticed a shock serpent
  1845 | D:2      | Noticed a naga warrior
  1929 | D:2      | Reached skill level 4 in Bows
  2798 | D:2      | Slain by an adder

Skill      XL: |  1  2  3 |
---------------+----------+-----
Bows           | 3 4 |  4.3
Hexes          | 3 |  3.1
Fighting       | 2 |  2.0
Dodging        | |  1.3
Spellcasting   | |  1.0

Action                   || total
-------------------------++-------
Melee: Unarmed           ||   244
       Kick              ||    23
 Cast: Corona            ||    17
  Use: Potion            ||     3
  Eat: Chunk             ||     3
       Ration            ||     1
Armor: Robe              ||   108
       Skin              ||     3
Dodge: Dodged            ||   137
